 Dungeon Crawl Stone Soup version 0.22.0-49-gab54619674 (webtiles) character file.

241 Anathary the Skirmisher (level 5, 0/43 HPs)
             Began as a Demonspawn Berserker on Sept 6, 2018.
             Was a Believer of Trog.
             Slain by Robin
             ... wielding a +2 dagger of venom
              (1 damage)
             ... on level 3 of the Dungeon.
             The game lasted 00:07:14 (2155 turns).

Anathary the Skirmisher (Demonspawn Berserker)      Turns: 2155, Time: 00:07:14

Health: 0/43       AC:  2    Str: 18    XL:     5   Next: 80%
Magic:  5/5        EV: 13    Int:  8    God:    Trog [**....]
Gold:   49         SH:  0    Dex: 13    Spells: 4/4 levels left

rFire    . . .     SeeInvis .   f - +3 short sword
rCold    . . .     Gourm    .   (no shield)
rNeg     . . .     Faith    .   b - +0 animal skin
rPois    .         Spirit   .   (helmet restricted)
rElec    .         Reflect  .   (no cloak)
rCorr    .         Harm     .   (no gloves)
MR       .....                  (no boots)
Stlth    +.........             (no amulet)
HPRegen  0.14/turn              (no ring)
MPRegen  0.09/turn              (no ring)

@: lethally poisoned (0 -> -4)
A: horns 1, demonic guardian 1, foul stench 1, rot immunity
a: Berserk, Trog's Hand, Renounce Religion


You were on level 3 of the Dungeon.
You worshipped Trog.
Trog was pleased with you.
You were not hungry.

You visited 1 branch of the dungeon, and saw 3 of its levels.

You collected 49 gold pieces.

Inventory:

Hand Weapons
 a - a +0 falchion
 d - a +2 dagger of venom
 f - a +3 short sword (weapon)
Armour
 b - a +0 animal skin (worn)
Scrolls
 g - a scroll of enchant weapon {unknown}
 h - a scroll of noise {unknown}
 i - a scroll of enchant armour {unknown}
 l - a scroll of random uselessness {unknown}
 o - a scroll of identify {unknown}
Potions
 e - a potion of curing {unknown}
 j - 2 potions of agility {unknown}
 k - a potion of berserk rage {unknown}
 m - a potion of brilliance {unknown}
 n - a potion of ambrosia {unknown}
 p - a potion of haste {unknown}
Comestibles
 c - 4 rations


   Skills:
 + Level 4.3 Fighting
 + Level 2.7(3.6) Short Blades
 + Level 3.4(3.9) Long Blades
 + Level 1.8 Armour
 + Level 2.7 Dodging
 + Level 0.6 Stealth


You had 4 spell levels left.
You didn't know any spells.
Your spell library was empty.

Dungeon Overview and Level Annotations

Branches:
Dungeon (3/15)

Altars:
Makhleb
Zin

Annotations:
D:3 Robin


Innate Abilities, Weirdness & Mutations

You have a pair of small horns on your head.
A weak demonic guardian rushes to your aid.
You may emit foul miasma when damaged in melee.
You are immune to rotting.


Message History

You are poisoned.
You hit the goblin but do no damage.
You feel sick.
You hit the goblin. You headbutt the goblin.
The goblin is severely wounded.
You feel sick. The goblin misses you.
You puncture the goblin!
You kill the goblin!
Trog accepts your kill.
You feel sick.
You miss the goblin. The goblin hits you with a club.
* * * LOW HITPOINT WARNING * * *
You puncture the goblin!
You kill the goblin!
Trog accepts your kill.
* * * LOW HITPOINT WARNING * * *
You feel sick.
You closely miss Robin. Your headbutt misses Robin.
* * * LOW HITPOINT WARNING * * *
You feel sick. Robin hits you with a dagger of venom.
You die...

#.....#<....#..#
#.....#..#..#
...
#.....#..#..# .
#.....#....(# #
#.....##(#.##.#
#...<.........#
#.....##)..####
#.....##g###
#.....##@#
##########


You could see Robin.

Vanquished Creatures
  Sigmund (D:2)
  4 adders (D:2)
  2 dart slugs
  A ball python (D:1)
  4 giant cockroaches
  5 hobgoblins
  5 jackals (D:2)
  2 bats
  13 goblins
  4 kobolds
  2 rats
43 creatures vanquished.

Notes
Turn   | Place    | Note
-------+----------+-------------------------------------------
     0 | D:1      | Anathary the Demonspawn Berserker began the quest for the
                  | Orb.
     0 | D:1      | Reached XP level 1. HP: 18/18 MP: 1/1
   417 | D:1      | Gained mutation: You are immune to rotting. [demonic
                  | ancestry]
   417 | D:1      | Reached XP level 2. HP: 24/24 MP: 2/2
   963 | D:2      | Found a burning altar of Makhleb.
   965 | D:2      | Found a glowing silver altar of Zin.
   965 | D:2      | Noticed an angel
   966 | D:2      | Noticed a balrug
  1139 | D:2      | Found a faded altar of an unknown god.
  1146 | D:2      | Gained mutation: You may emit foul miasma when damaged in
                  | melee. [demonic ancestry]
  1146 | D:2      | Reached XP level 3. HP: 26/29 MP: 3/3
  1317 | D:2      | Reached skill level 1 in Short Blades
  1377 | D:2      | Noticed Sigmund
  1386 | D:2      | Killed Sigmund
  1386 | D:2      | Reached ** piety under Trog
  1386 | D:2      | Reached skill level 4 in Fighting
  1386 | D:2      | Gained mutation: A weak demonic guardian rushes to your
                  | aid. [demonic ancestry]
  1386 | D:2      | Reached XP level 4. HP: 13/37 MP: 4/4
  1386 | D:2      | Gained mutation: You have a pair of small horns on your
                  | head. [demonic ancestry]
  1386 | D:2      | Reached XP level 5. HP: 14/42 MP: 5/5
  2121 | D:3      | Noticed Robin
  2154 | D:3      | HP: 2/43 [poisoned by a goblin]
  2155 | D:3      | Slain by Robin

Skill      XL: |  1  2  3 |
---------------+----------+-----
Long Blades    | 3 |  3.4
Dodging        | 2 |  2.7
Short Blades   | 2 |  2.7
Fighting       | 4 |  4.3
Armour         | |  1.8
Stealth        | |  0.6

Action                   |  1- 3 |  4- 6 || total
-------------------------+-------+-------++-------
Melee: Short sword       |    78 |    29 ||   107
       Dagger            |     5 |       ||     5
       Falchion          |     4 |       ||     4
       Headbutt          |       |     2 ||     2
 Stab: Sleeping          |     1 |     1 ||     2
  Eat: Chunk             |     1 |     1 ||     2
       Ration            |       |     1 ||     1
Armor: Animal skin       |    14 |     3 ||    17
Dodge: Dodged            |    62 |    11 ||    73
       Rpst.: Falchion   |     2 |       ||     2
